 Dungeon Crawl Stone Soup version 0.18.1-1-g2f07953 (webtiles) character file.

123 PurpleRed the Conjurer (level 4, -3/27 HPs)
             Began as a High Elf Conjurer on Oct 3, 2016.
             Slain by ZOR's ghost (20 damage)
             ... on level 4 of the Dungeon.
             The game lasted 00:06:55 (566 turns).

PurpleRed the Conjurer (High Elf Conjurer)           Turns: 566, Time: 00:06:56

Health: -3/27      AC:  2    Str:  7    XL:     4   Next: 79%
Magic:  9/11       EV: 13    Int: 19    God:
Gold:   46         SH:  0    Dex: 16    Spells: 2 memorised, 8 levels left

rFire  . . .     SeeInvis .     o - +0 quarterstaff
rCold  . . .     Gourm    .     g - +0 robe {rN+}
rNeg   + . .     Faith    .     (shield currently unavailable)
rPois  .         Spirit   .     (no helmet)
rElec  .         Dismiss  .     (no cloak)
rCorr  .         Reflect  .     (no gloves)
SustAt .         Harm     .     (no boots)
MR     .....                    (no amulet)
Stlth  ++........               (no ring)
                                (no ring)

@: very slightly contaminated, invisible, not resistant to hostile enchantments,
unstealthy
A: no striking features
a: no special abilities


You were on level 4 of the Dungeon.
You were not hungry.

You visited 1 branch of the dungeon, and saw 4 of its levels.

You collected 46 gold pieces.

Inventory:

Hand Weapons
 e - a +0 hand axe
 i - a +0 short sword
 o - a +0 quarterstaff (weapon)
Armour
 a - a +0 robe
 g - a +0 robe of positive energy (worn)
Scrolls
 d - a scroll of fog
 f - 2 scrolls of remove curse
 k - a scroll of identify
Potions
 h - a potion of magic
 n - a potion of degeneration {unknown}
 q - a potion of lignification {unknown}
Books
 b - a book of Conjurations

   Spells                             Type                      Level
   a - Magic Dart                     Conjuration                  1
   b - Searing Ray                    Conjuration                  2
   c - Dazzling Spray                 Conjuration/Hexes            3
   d - Fulminant Prism                Conjuration/Hexes            4
   e - Iskenderun's Mystic Blast      Conjuration                  4
   f - Iskenderun's Battlesphere      Conjuration/Charms           5
Comestibles
 c - a bread ration
 l - a meat ration
 p - a beef jerky


   Skills:
 - Level 2.1 Dodging
 - Level 2.1 Stealth
 + Level 4.0 Spellcasting
 + Level 5.9 Conjurations


You had 8 spell levels left.
You knew the following spells:

 Your Spells              Type           Power        Failure   Level  Hunger
a - Magic Dart            Conj           ####         1%          1    None
b - Searing Ray           Conj           ####..       1%          2    ##.....


Dungeon Overview and Level Annotations

Branches:
Dungeon (4/15)
 Temple: D:4-7

Altars:

Annotations:
D:4 ZOR's ghost, novice TeCj


Message History

Drink which item? (? for menu, Esc to quit)
It was a potion of ambrosia.
You are confused.
You feel invigorated.
You bump into the rock wall.
ZOR's ghost hits you.
ZOR's ghost shrieks, "You must not succeed where I failed!"
ZOR's ghost barely misses you.
You hit ZOR's ghost.
ZOR's ghost is lightly damaged.
You feel less invigorated.
You feel less confused. ZOR's ghost hits you. x2
Casting: Searing Ray
Confirm with . or Enter, or press ? or * to list all spells.
Aiming: Searing Ray
Press: ? - help, Shift-Dir - straight line, f - ZOR's ghost
Aim: ZOR's ghost, wielding a weapon of electrocution (lightly damaged)
The searing ray misses ZOR's ghost.
ZOR's ghost hits you.
You are electrocuted!
Ouch! That really hurt!
You die...

#......#
############.##.########
..........)).#.........#
###########..#..######.#
... #..#(.....##. ###
...#.........#
.#..#.####.#..#
.##.#.####.# # #
#.#..@...#..#
.#..W......# #.######..#
## #.# # .# #...W..# .
.......# ...###### ###..
###


You could see ZOR's ghost.

Vanquished Creatures
  2 orc wizards (D:4)
  An orc priest (D:4)
  The ghost of PurpleRed the Conjurer, a weakling KoCj of Vehumet (D:3)
  A dart slug (D:3)
  2 orcs (D:4)
  A giant cockroach (D:2)
  3 goblins (D:3)
  A hobgoblin (D:1)
  A quokka (D:3)
  A giant newt (D:3)
  4 kobolds
  4 rats
22 creatures vanquished.

Notes
Turn   | Place    | Note
--------------------------------------------------------------
     0 | D:1      | PurpleRed the High Elf Conjurer began the quest for the Orb.
     0 | D:1      | Reached XP level 1. HP: 11/11 MP: 4/4
   187 | D:3      | Noticed PurpleRed's ghost (weakling KoCj)
   249 | D:3      | Reached XP level 2. HP: 11/17 MP: 3/6
   255 | D:3      | Learned a level 2 spell: Searing Ray
   255 | D:3      | Reached skill level 5 in Conjurations
   413 | D:3      | Killed PurpleRed's ghost
   413 | D:3      | Reached XP level 3. HP: 18/21 MP: 2/8
   515 | D:4      | Reached XP level 4. HP: 27/27 MP: 1/10
   556 | D:4      | Noticed ZOR's ghost (novice TeCj)
   566 | D:4      | Slain by ZOR's ghost

Skill      XL: |  1  2  3  4 |
---------------+-------------+-----
Conjurations   | 5 |  5.9
Spellcasting   | 3 4 |  4.0
Dodging        | |  2.1
Stealth        | |  2.1

Action                   |  1- 3 |  4- 6 || total
-------------------------+-------+-------++-------
Melee: Short sword       |    12 |       ||    12
       Hand axe          |     1 |       ||     1
       Quarterstaff      |     5 |     6 ||    11
 Cast: Magic Dart        |    24 |     3 ||    27
       Searing Ray       |     2 |     2 ||     4
  Use: Scroll            |     4 |       ||     4
       Potion            |       |     3 ||     3
 Stab: Sleeping          |     2 |       ||     2
Armor: Robe              |     1 |       ||     1
Dodge: Dodged            |     9 |     8 ||    17
